 Dungeon Crawl Stone Soup version 0.30.1-11-g7821555f0a (webtiles) character file.

Game seed: 15419985572724659157

105 Pentewere the Magician (level 4, 0/32 HPs)
             Began as a Mummy Venom Mage on Dec 3, 2023.
             Was a Follower of Kikubaaqudgha.
             Slain by a goblin
             ... wielding a +0 club
             ... led by Robin
              (1 damage)
             ... on level 4 of the Dungeon.
             The game lasted 00:09:22 (1876 turns).

Pentewere the Magician (Mummy Venom Mage)           Turns: 1876, Time: 00:09:22

Health: 0/32       AC:  2    Str: 13    XL:     4   Next: 53%
Magic:  7/18       EV: 12    Int: 14    God:    Kikubaaqudgha [*.....]
Gold:   90         SH:  0    Dex: 12    Spells: 3/9 levels left

rFire   x . .        b - +0 dagger
rCold   + . .        (no shield)
rNeg    + + +        a - +0 robe
rPois   ∞            (no helmet)
rElec   .            (no cloak)
rCorr   .            (no gloves)
SInv    .            (no boots)
Will    .....        m
                       - Hermit's Pendant {Faith Invo=14 Evo=0 MP+5}
Stlth   ++           (no ring)
HPRegen 0.25/turn    (no ring)
MPRegen 0.16/turn

%: faith
@: about to teleport
A: cold resistance 1, negative energy resistance 3, torment resistance 2, heat
vulnerability 1, in touch with death 1, no potions, faith
a: Renounce Religion, Unearth Wretches


You were on level 4 of the Dungeon.
You worshipped Kikubaaqudgha.
Kikubaaqudgha was aware of your devotion.
You visited 1 branch of the dungeon, and saw 4 of its levels.

You collected 90 gold pieces.

Inventory:

Hand Weapons
 b - a +0 dagger (weapon)
Missiles
 c - 4 datura-tipped darts (quivered)
Armour
 a - a +0 robe (worn)
Jewellery
 m - the Hermit's Pendant (around neck) {Faith Invo=14 Evo=0 MP+5}
   (You found it on level 3 of the Dungeon)

   [amulet of faith]

   Invo=14: It sets your Invocations skill to 14.
   Evo=0: It sets your Evocations skill to 0.
   It allows you to gain divine favour quickly.
   MP:        It affects your magic capacity (+5).
Scrolls
 d - a scroll of magic mapping
 e - a scroll of immolation {unknown}
 i - a scroll of fog {unknown}
 j - a scroll of enchant armour {unknown}
 k - a scroll of brand weapon {unknown}
 n - a scroll of amnesia


   Skills:
 * Level 1.1 Fighting
 * Level 0.3 Short Blades
 * Level 0.3 Throwing
 * Level 0.6 Armour
 * Level 1.9 Dodging
 * Level 1.9 Stealth
 * Level 3.2 Spellcasting
 * Level 0.3 Conjurations
 * Level 1.2 Transmutations
 * Level 0.3 Air Magic
 * Level 3.0 Poison Magic


You had 3 spell levels left.
You knew the following spells:

 Your Spells              Type           Power      Damage    Failure   Level
a - Sting                 Tmut/Pois      32%        1d4       9%          1
b - Poisonous Vapours     Pois/Air       14%        N/A       16%         2
c - Mephitic Cloud        Conj/Pois/Air  5%         N/A       36%         3

Your spell library contained the following spells:

 Spells                   Type           Power      Damage    Failure   Level
 Kiss of Death            Conj/Necr      16%        2d6       19%         1
 Cigotuvi's Dreadful Rot  Necr/Pois/Air  16%        N/A       21%         2
 Necrotise                Necr           12%        1d4       22%         1
 Volatile Blastmotes      Fire/Tloc      4%         2d10      54%         3
 Olgreb's Toxic Radiance  Pois           10%        N/A       52%         4
 Fulminant Prism          Conj/Hex       1%         3d5       88%         4
 Iskenderun's Mystic Bla  Conj/Tloc      2%         2d3       88%         4
 Animate Dead             Necr           3%         N/A       91%         4
 Lee's Rapid Deconstruct  Erth           1%         3d4*      99%         5


Dungeon Overview and Level Annotations

Branches:
Dungeon (4/15)
 Temple: D:4-7

Altars:
Kikubaaqudgha
Okawaru
Yredelemnul


Innate Abilities, Weirdness & Mutations

You are immune to poison.
Your flesh is cold resistant. (rC+)
You are immune to negative energy. (rN+++)
You are immune to unholy pain and torment.
You are vulnerable to heat. (rF-)
You are in touch with the powers of death.
You do not drink.
You have a special connection with the divine. (Faith)


Message History

Aim: an endoplasm (heavily wounded, 97% to hit)
The sting hits the endoplasm.
The endoplasm is poisoned.
The endoplasm is severely wounded.
The endoplasm barely misses you. The goblin hits you with a +0 club.
* * * LOW HITPOINT WARNING * * *
The goblin attacks as you move away! The goblin closely misses you.
The goblin barely misses you.
Things that are here:
7 stones; 19 gold pieces The goblin attacks as you move away!
The goblin hits you with a +0 club.
* * * LOW HITPOINT WARNING * * *
You kill the endoplasm!
Kikubaaqudgha accepts your kill. The goblin attacks as you move away!
The goblin completely misses you.
Your magical contamination has completely faded away.
Casting: Sting (safe; 9% risk of failure)
Confirm with . or Enter, or press ? or * to list all spells.
Aiming: Poisonous Vapours (safe; 16% risk of failure)
Press: ? - help, Dir - move target, f - goblin
Aim: a goblin, wielding a +0 club Poisonous vapours surround the goblin!
The goblin is poisoned.
The goblin misses you.
Unknown command.
The goblin attacks as you move away! The goblin hits you with a +0 club.
* * * LOW HITPOINT WARNING * * *
Casting: Poisonous Vapours (safe; 16% risk of failure)
Confirm with . or Enter, or press ? or * to list all spells.
Aiming: Sting (safe; 9% risk of failure)
Press: ? - help, Shift-Dir - straight line, f/p - goblin
Aim: a goblin, wielding a +0 club (heavily wounded, poisoned, 60% to hit)
The sting hits the goblin.
The goblin looks even sicker.
You kill the goblin!
Kikubaaqudgha accepts your kill.
Unknown command.
As you read the scroll of teleportation, it crumbles to dust.
You feel strangely unstable. The goblin hits you with a +0 club.
* * * LOW HITPOINT WARNING * * *
The goblin attacks as you move away! The goblin hits you with a +0 club.
You die...
Kikubaaqudgha rasps: "You have failed me!
Welcome... oblivion!"

.....####..........
....## #...........
...J# #..........#
....# ##.......?..#
..#.###..........# #
##.##.........#
#.#.........# ###
#.....g(...#####.....
##.....gg.ggg@....#
#.......##########
#.####### #.# .## #.
#.


You could see a hobgoblin and 5 goblins.

Vanquished Creatures
  Natasha (D:3)
  Robin (D:4)
  4 adders
  A dart slug (D:3)
  2 orcs (D:3)
  2 endoplasms
  A giant cockroach (D:1)
  3 goblins
  4 hobgoblins
  A quokka (D:1)
  3 ball pythons
  4 bats
  A frilled lizard (D:1)
  3 kobolds
  3 rats
34 creatures vanquished.

Notes
Turn   | Place    | Note
-------+----------+-------------------------------------------
     0 | D:1      | Pentewere the Mummy Venom Mage began the quest for the Orb.
     0 | D:1      | Reached XP level 1. HP: 13/13 MP: 4/4
   271 | D:1      | Reached XP level 2. HP: 19/19 MP: 2/5
   274 | D:1      | Learned a level 2 spell: Poisonous Vapours
   357 | D:2      | Reached skill level 1 in Transmutations
   397 | D:2      | Found a basalt altar of Yredelemnul.
   633 | D:3      | Gained mutation: You are in touch with the powers of death.
                  | [Mummy growth]
   633 | D:3      | Reached XP level 3. HP: 25/25 MP: 3/7
   638 | D:3      | Learned a level 3 spell: Mephitic Cloud
   706 | D:3      | Found an iron altar of Okawaru.
   925 | D:3      | Found a faded altar of an unknown god.
   925 | D:3      | Found the Hermit's Pendant {Faith Invo=14 Evo=0 MP+5}
   960 | D:3      | Prayed at the altar of an unknown god.
   960 | D:3      | Became a worshipper of Kikubaaqudgha
   960 | D:3      | Reached * piety under Kikubaaqudgha
   960 | D:3      | Received a gift from Kikubaaqudgha
  1097 | D:3      | Reached skill level 1 in Fighting
  1735 | D:3      | Noticed Natasha
  1751 | D:3      | Killed Natasha
  1752 | D:3      | Reached XP level 4. HP: 20/32 MP: 11/13
  1842 | D:4      | Noticed Robin
  1858 | D:4      | Killed Robin
  1875 | D:4      | HP: 1/32 [goblin/+0 club[Robin] (2)]
  1876 | D:4      | Slain by a goblin

Illustrated notes

Levels and vault maps discovered:
D:1:      wheals_arrival_linesprint, layout_loops_corners, serial_shops,
          nicolae_shop_getting_attention, chequers_serial_rivers_small_a
D:2:      layout_basic, basic_altar
D:3:      layout_basic, mainiacjoe_overflow_brackets, serial_curves,
          eino_curves_01, eino_curves_03, dk_noncrumbling_4,
          hellmonk_guarded_unrand_hermit, uniq_natasha
D:4:      layout_cave_pods, mainiacjoe_overflow_alcove_1, uniq_robin,
          uniq_crazy_yiuf_cottage, uniq_blork_the_orc

Skill      XL: |  1  2  3  4 |
---------------+-------------+-----
Transmutations | 1 |  1.2
Spellcasting   | 3 |  3.2
Fighting       | 1 |  1.1
Poison Magic   | 3 |  3.0
Short Blades   | |  0.3
Throwing       | |  0.3
Armour         | |  0.6
Dodging        | |  1.9
Stealth        | |  1.9
Conjurations   | |  0.3
Air Magic      | |  0.3

Action                     |  1- 3 |  4- 6 || total
---------------------------+-------+-------++-------
  Melee: Dagger            |    25 |     4 ||    29
   Cast: Sting             |    30 |     5 ||    35
         Poisonous Vapours |     9 |     2 ||    11
         Mephitic Cloud    |     1 |     1 ||     2
    Use: Scroll            |     4 |     3 ||     7
   Stab: Sleeping          |     4 |       ||     4
 Armour: Robe              |    17 |     1 ||    18
  Dodge: Dodged            |    55 |    19 ||    74
